 Dungeon Crawl Stone Soup version 0.29.0-4-gdea44cf6ec (webtiles) character file.

Game seed: 5576689208506756883

370 qw the Chopper (level 6, -5/36 HPs)
             Began as a Tengu Warper on Aug 28, 2022.
             Slain by Menkaure (8 damage)
             ... on level 5 of the Dungeon.
             The game lasted 00:00:27 (5118 turns).

qw the Chopper (Tengu Warper)                       Turns: 5118, Time: 00:00:27

Health: -5/36      AC:  9    Str: 20    XL:     6   Next: 70%
Magic:  10/10      EV:  9    Int: 13    God:
Gold:   4          SH:  0    Dex: 13    Spells: 9/9 levels left

rFire   . . .      SeeInvis .   Y - +2 war axe (pain)
rCold   . . .      Faith    .   (no shield)
rNeg    . . .      Spirit   .   h - +0 chain mail
rPois   +          Reflect  .   (helmet restricted)
rElec   .          Harm     .   b - +0 cloak
rCorr   .          Rampage  .   (no gloves)
Will    .....                   (boots unavailable)
Stlth   ..........              (no amulet)
HPRegen 0.12/turn               f - +6 ring of strength
MPRegen 0.12/turn               e - ring of poison resistance

@: about to teleport, flying quickly and evasively, quick
A: beak, talons 3, nimble flight
a: no special abilities


You were on level 5 of the Dungeon.
You visited 1 branch of the dungeon, and saw 5 of its levels.

You collected 274 gold pieces.
You spent 270 gold pieces at shops.


Innate Abilities, Weirdness & Mutations

You have a beak for a mouth.
You have claws for feet.
Your magical nature lets you fly swiftly and evasively.


   Skills:
 + Level 2.7 Fighting
 - Level 7.0 Axes
 - Level 1.0 Throwing
 - Level 2.0 Armour
 - Level 2.1 Dodging
 - Level 2.0 Spellcasting
 - Level 2.4 Translocations


You had 9 spell levels left.
You didn't know any spells.
Your spell library contained the following spells:

 Spells                   Type           Power      Damage    Failure   Level
 Blink                    Tloc           14%        N/A       85%         2
 Gell's Gravitas          Tloc           7%         N/A       97%         3
 Lesser Beckoning         Tloc           7%         N/A       97%         3
 Teleport Other           Tloc           7%         N/A       97%         3
 Manifold Assault         Tloc           7%         N/A       100%        5

Inventory:

Hand Weapons
 c - a +0 whip
 Y - a +2 war axe of pain (weapon)
Armour
 b - a +0 cloak (worn)
 h - a +0 chain mail (worn)
Jewellery
 e - a ring of poison resistance (right hand)
 f - a +6 ring of strength (left hand)
Scrolls
 g - a scroll of identify
Potions
 i - a potion of lignification {unknown}
 j - 2 potions of curing
 l - a potion of haste {unknown}
 m - 2 potions of cancellation
 n - 2 potions of might
 o - a potion of mutation

Dungeon Overview and Level Annotations

Branches:
Dungeon (5/15)
 Temple: D:4-7

Altars:

Shops:
D:4 !

Annotations:
D:5 Menkaure


Message History

You fly upwards.
There is a stone staircase leading down here.
You start resting.
HP restored.
Done exploring.
(D) Dungeon
Where to? (* - list waypoints, Enter - D:5, ? - help)
What level of the Dungeon? (default 1, ? - help)
You fly downwards.
There is a stone staircase leading up here.
Found a sling.
You see here a +0 sling.
Menkaure, Prince of Dust comes into view.
Menkaure shouts!
You barely miss Menkaure. Your kick misses Menkaure.
You peck Menkaure, but do no damage. Menkaure casts a spell at you.
Pain shoots through your body!
You hit Menkaure. You claw Menkaure.
Menkaure is moderately damaged.
Menkaure hits you!
You closely miss Menkaure. You claw Menkaure, but do no damage.
You peck Menkaure.
Menkaure is moderately damaged.
Menkaure closely misses you.
You barely miss Menkaure. Your kick misses Menkaure.
Menkaure is moderately damaged.
Menkaure calls on the powers of darkness!
Your body is wracked with pain!
You barely miss Menkaure. You claw Menkaure!
Menkaure is severely damaged.
Menkaure casts a spell at you. Pain shoots through your body!
5117 ||| READING scroll of teleportation.
As you read the scroll of teleportation, it crumbles to dust.
You feel strangely unstable.
You barely miss Menkaure.
Menkaure is severely damaged.
Menkaure hits you!
You die...

#......#
#......#########.
#................
#......#..####.
#......##.#
#......##)#
#.....<##.#
#########.# #@#
#...M.# #.....#
#.......
#########


You could see Menkaure.

Vanquished Creatures
  A scorpion (D:4)
  A jelly (D:5)
  Jessica (D:2)
  Natasha (thrice) (D:2)
  An iguana (D:4)
  6 adders
  A white imp (D:4)
  2 worms
  2 dart slugs
  5 orcs
  6 ball pythons
  8 endoplasms
  2 giant cockroaches
  3 hobgoblins
  6 quokkas
  9 bats
  4 frilled lizards
  11 goblins
  4 kobolds
  7 rats
83 creatures vanquished.

Notes
Turn   | Place    | Note
-------+----------+-------------------------------------------
     0 | D:1      | qw the Tengu Warper began the quest for the Orb.
     0 | D:1      | Reached XP level 1. HP: 12/12 MP: 4/4
     0 | D:1      | 0 ||| qw: Version: 0.1-a-89-g26bdef1
     0 | D:1      | 0 ||| qw: Game counter: 939
     0 | D:1      | 0 ||| qw: Always use a shield: true
     0 | D:1      | 0 ||| qw: God list: Okawaru
     0 | D:1      | 0 ||| qw: Allow faded altars: false
     0 | D:1      | 0 ||| qw: Do Orc after D:15 true
     0 | D:1      | 0 ||| qw: Do second Lair branch before Depths: true
     0 | D:1      | 0 ||| qw: Lair rune preference: random
     0 | D:1      | 0 ||| qw: Plans: Normal
     0 | D:1      | 0 ||| PLANNING D:1-11
   185 | D:1      | Reached XP level 2. HP: 17/17 MP: 6/6
   198 | D:1      | 198 ||| Stepping ~*~*~tactically~*~*~ (stealth).
   199 | D:1      | 199 ||| Stepping ~*~*~tactically~*~*~ (stealth).
   201 | D:1      | Reached skill level 3 in Axes
   909 | D:1      | Reached XP level 3. HP: 18/21 MP: 7/7
  1265 | D:1      | 1265 ||| UPGRADING to +0 chain mail.
  1275 | D:1      | 1275 ||| DROPPING +0 leather armour.
  1276 | D:1      | 1276 ||| READING scroll labelled YGHUZIUSE.
  1277 | D:1      | 1277 ||| READING 3 scrolls labelled XICSESICWI.
  1278 | D:1      | 1278 ||| READING scroll labelled EGACYI MOORPHYT.
  1279 | D:1      | 1279 ||| READING scroll labelled ROROFRIGHO.
  1280 | D:1      | 1280 ||| READING scroll labelled NEAR MOMPIQ ZOR.
  1399 | D:1      | 1399 ||| READING 2 scrolls of identify.
  1399 | D:1      | 1399 ||| IDENTIFYING white potion
  1400 | D:1      | 1400 ||| DROPPING scroll of blinking.
  1401 | D:1      | 1401 ||| DROPPING potion of degeneration.
  1457 | D:2      | Reached skill level 4 in Axes
  1529 | D:2      | 1529 ||| Stepping ~*~*~tactically~*~*~ (hiding).
  1990 | D:2      | Reached XP level 4. HP: 19/26 MP: 8/8
  2006 | D:2      | 2006 ||| Stepping ~*~*~tactically~*~*~ (stealth).
  2007 | D:2      | 2007 ||| Stepping ~*~*~tactically~*~*~ (stealth).
  2163 | D:2      | 2163 ||| FLEEEEING.
  2164 | D:2      | 2164 ||| FLEEEEING.
  2165 | D:2      | 2165 ||| FLEEEEING.
  2166 | D:2      | 2166 ||| FLEEEEING.
  2167 | D:2      | 2167 ||| FLEEEEING.
  2168 | D:2      | 2168 ||| FLEEEEING.
  2171 | D:2      | 2171 ||| FLEEEEING.
  2172 | D:2      | 2172 ||| FLEEEEING.
  2173 | D:2      | 2173 ||| FLEEEEING.
  2174 | D:2      | 2174 ||| FLEEEEING.
  2175 | D:2      | 2175 ||| FLEEEEING.
  2176 | D:2      | 2176 ||| FLEEEEING.
  2177 | D:2      | 2177 ||| FLEEEEING.
  2178 | D:2      | 2178 ||| FLEEEEING.
  2179 | D:2      | 2179 ||| FLEEEEING.
  2180 | D:2      | 2180 ||| FLEEEEING.
  2497 | D:2      | Noticed Jessica
  2502 | D:2      | Killed Jessica
  2503 | D:2      | Reached skill level 5 in Axes
  2536 | D:2      | Noticed Natasha
  2544 | D:2      | Killed Natasha
  2545 | D:2      | Gained mutation: Your magical nature lets you fly swiftly
                  | and evasively. [Tengu growth]
  2545 | D:2      | Reached XP level 5. HP: 21/30 MP: 9/9
  2561 | D:2      | Noticed Natasha
  2566 | D:2      | Killed Natasha
  2705 | D:2      | Reached skill level 6 in Axes
  2716 | D:2      | 2716 ||| DROPPING +0 club.
  2776 | D:2      | Noticed Natasha
  2784 | D:2      | Killed Natasha
  3106 | D:2      | 3106 ||| UPGRADING to +0 cloak.
  3111 | D:2      | 3111 ||| READING scroll labelled ZEUHIH IKUFIO.
  3339 | D:3      | 3339 ||| SWAPPING to +0 war axe.
  3350 | D:3      | 3350 ||| DROPPING +1 vorpal hand axe.
  3917 | D:3      | 3917 ||| Stepping ~*~*~tactically~*~*~ (stealth).
  3933 | D:3      | 3933 ||| FLEEEEING.
  3934 | D:3      | 3934 ||| FLEEEEING.
  3935 | D:3      | 3935 ||| FLEEEEING.
  3936 | D:3      | 3936 ||| FLEEEEING.
  3937 | D:3      | 3937 ||| FLEEEEING.
  3938 | D:3      | 3938 ||| FLEEEEING.
  3939 | D:3      | 3939 ||| FLEEEEING.
  3940 | D:3      | 3940 ||| FLEEEEING.
  3941 | D:3      | 3941 ||| FLEEEEING.
  3943 | D:3      | 3943 ||| FLEEEEING.
  3944 | D:3      | 3944 ||| FLEEEEING.
  3945 | D:3      | 3945 ||| FLEEEEING.
  3950 | D:3      | 3950 ||| FLEEEEING.
  3951 | D:3      | 3951 ||| FLEEEEING.
  3954 | D:3      | 3954 ||| FLEEEEING.
  3958 | D:3      | 3958 ||| FLEEEEING.
  3963 | D:3      | 3963 ||| FLEEEEING.
  3968 | D:3      | 3968 ||| FLEEEEING.
  3970 | D:3      | 3970 ||| STAIRDANCE
  3997 | D:2      | 3997 ||| UPGRADING to +6 ring of strength.
  3998 | D:2      | 3998 ||| READING scroll labelled JELANWU GIUNI.
  4002 | D:3      | 4002 ||| STAIRDANCE
  4058 | D:2      | 4058 ||| SWAPPING to +2 war axe of pain.
  4059 | D:2      | 4059 ||| DROPPING +0 war axe.
  4064 | D:3      | Reached XP level 6. HP: 33/35 MP: 10/10
  4450 | D:4      | 4450 ||| Stepping ~*~*~tactically~*~*~ (hiding).
  4493 | D:4      | 4493 ||| Stepping ~*~*~tactically~*~*~ (stealth).
  4508 | D:4      | Reached skill level 7 in Axes
  4834 | D:4      | Found Usiteati's Distillery.
  4856 | D:4      | 4856 ||| BUYING potion of cancellation (80 gold).
  4856 | D:4      | Bought a potion of cancellation for 80 gold pieces
  4856 | D:4      | 4856 ||| BUYING potion of curing (30 gold).
  4856 | D:4      | Bought a potion of curing for 30 gold pieces
  4856 | D:4      | 4856 ||| BUYING potion of might (40 gold).
  4856 | D:4      | Bought a potion of might for 40 gold pieces
  4856 | D:4      | 4856 ||| BUYING potion of might (40 gold).
  4856 | D:4      | Bought a potion of might for 40 gold pieces
  4856 | D:4      | 4856 ||| BUYING potion of mutation (80 gold).
  4856 | D:4      | Bought a potion of mutation for 80 gold pieces
  4856 | D:4      | 4856 ||| SHOPLISTING potion of mutation (80 gold, have 4).
  5023 | D:4      | 5023 ||| UPGRADING to ring of poison resistance.
  5024 | D:4      | 5024 ||| READING 2 scrolls labelled IDYMNAX FIBU.
  5027 | D:4      | 5027 ||| READING 2 scrolls of identify.
  5027 | D:4      | 5027 ||| IDENTIFYING sedimented cyan potion
  5028 | D:4      | 5028 ||| DROPPING potion of magic.
  5048 | D:5      | Entered Level 5 of the Dungeon
  5056 | D:5      | 5056 ||| STAIRDANCE
  5111 | D:5      | Noticed Menkaure
  5116 | D:5      | HP: 3/36 [Menkaure/nerve-wracking pain (8)]
  5117 | D:5      | 5117 ||| READING scroll of teleportation.
  5118 | D:5      | Slain by Menkaure

Levels and vault maps discovered:
D:1:      scummos_arrival_forest, layout_basic, grunt_decor_one_mirror
D:2:      layout_basic, uniq_jessica, uniq_natasha
D:3:      layout_basic
D:4:      layout_loops_ring, serial_shops, shop
D:5:      layout_rooms, amcnicky_mini_pool_small, uniq_menkaure, uniq_eustachio

Skill      XL: |  1  2  3  4  5  6 |
---------------+-------------------+-----
Axes           | 3 4 5 6 7 |  7.0
Armour         | 2 |  2.0
Fighting       | |  2.7
Throwing       | |  1.0
Dodging        | |  2.1
Spellcasting   | |  2.0
Translocations | |  2.4

Action                   |  1- 3 |  4- 6 || total
-------------------------+-------+-------++-------
Melee: Hand axe          |    75 |    40 ||   115
       Kick              |    17 |    27 ||    44
       Peck              |    14 |    14 ||    28
       War axe           |       |    82 ||    82
       Punch             |       |     2 ||     2
Throw: Boomerang         |     7 |       ||     7
  Use: Scroll            |     6 |     5 ||    11
Armor: Leather armour    |    14 |       ||    14
       Chain mail        |     7 |    43 ||    50
Dodge: Dodged            |    20 |    39 ||    59

Table legend:
 A = Non-vault XP
 B = Vault XP
 C = Vault XP percentage of total XP
 D = Non-vault monster count
 E = Vault monster count
 F = Vault count percentage of total count
                 A         B        C        D         E       F
            +---------+---------+-------+---------+---------+-------
      Total |     456 |      73 |  13.8 |      81 |       2 |   2.4
            +---------+---------+-------+---------+---------+-------
        D:1 |      41 |       0 |   0.0 |      24 |       0 |   0.0
        D:2 |     151 |      73 |  32.6 |      24 |       2 |   7.7
        D:3 |      56 |       0 |   0.0 |      23 |       0 |   0.0
        D:4 |     165 |       0 |   0.0 |       9 |       0 |   0.0
        D:5 |      43 |       0 |   0.0 |       1 |       0 |   0.0
            +---------+---------+-------+---------+---------+-------
